Map: Lerilak Crest

Players

Lapack - Winner!

  • Race: Protoss Protoss
  • League: Silver

Javert

  • Race: Zerg Zerg
  • League: Platinum

VOD

Have the link to the VOD?

Description

Time

  • Played on: Aug. 22, 2015, 12:44 a.m.
  • Length: 5:45
Show
View Real Time Build Order
Export as new Build Order

Lapack Protoss - Winner!

Build Orders: Mass Adepts 

Get SALT Encoding   

  12  0:01  Probe  
  13  0:13  Probe  
  14  0:17  Pylon  
  14  0:25  Probe  
  14  0:27  Assimilator  
  15  0:40  Gateway  
  15  0:43  Probe  
  16  0:55  Probe  
  17  1:06  Pylon  
  17  1:07  Probe  
  18  1:19  Probe  
  19  1:27  Cybernetics Core  
  19  1:28  Zealot  
  19  1:31  Probe  
  22  1:51  Warp Gate  
  22  2:05  Adept, Robotics Facility  
  24  2:09  Gateway  
  24  2:11  Gateway  
  24  2:33  Adept  
  24  2:34  Gateway  
  26  2:51  Warp Prism  
  26  2:52  Pylon  
  28  3:02  Adept  
  30  3:10  Adept  
  32  3:18  Pylon  
  30  3:31  Pylon  
  28  3:55  Adept x4  
  35  4:15  Adept x4  
  43  4:24  Pylon  
  43  4:37  Adept x3  
  43  4:38  Adept  
  51  4:58  Adept x3  
  57  5:06  Pylon  
  57  5:12  Pylon  
  51  5:25  Adept x2  
  51  5:26  Adept  
  55  5:45  Adept  
Show
View Real Time Build Order
Export as new Build Order

Javert Zerg 

Build Orders: Hatch First 

Get SALT Encoding   

  12  0:01  Drone  
  13  0:14  Overlord  
  13  0:19  Drone  
  14  0:32  Drone x2  
  16  0:36  Drone  
  17  0:56  Drone  
  18  0:57  Hatchery  
  18  1:00  Extractor  
  18  1:03  Drone  
  17  1:21  Drone  
  17  1:23  Spawning Pool  
  17  1:29  Drone  
  18  1:36  Drone  
  19  1:41  Drone  
  20  1:52  Drone, Extractor  
  20  2:03  Drone  
  21  2:10  Overlord  
  21  2:11  Queen x2  
  25  2:17  Metabolic Boost  
  25  2:21  Drone  
  26  2:23  Drone  
  26  2:26  Drone  
  28  2:33  Drone  
  28  2:36  Drone  
  30  2:43  Overlord  
  30  2:52  Queen  
  30  2:55  Zergling x4  
  30  2:58  Drone  
  36  3:05  Drone  
  36  3:30  Drone x3  
  36  3:31  Drone x4  
  43  3:40  Drone  
  44  3:43  Extractor  
  44  3:48  Zergling x2  
  43  3:57  Spine Crawler  
  43  3:58  Zergling x2  
  43  3:59  Zergling x2  
  43  4:00  Overlord  
  43  4:02  Overlord  
  43  4:05  Roach Warren  
  43  4:07  Spine Crawler, Queen  
  43  4:15  Overlord  
  43  4:21  Drone  
  43  4:22  Drone x4  
  48  4:26  Spine Crawler  
  45  4:35  Queen  
  45  4:38  Spine Crawler  
  44  4:39  Spine Crawler  
  44  4:40  Spine Crawler  
  44  4:43  Queen  
  44  4:45  Roach x4  
  48  4:57  Roach x3  
  45  5:12  Roach x3  
Tags
 
Add a new tag
Caveats
  • Supply blocks, unpowered buildings, or Contaminate may cause inaccurate times.
  • Supply counts are checked every 10 seconds.